 Dungeon Crawl Stone Soup version 0.29.1-2-gbd0b4ee654 (webtiles) character file.

Game seed: 17864496171203542939

21 croobank the Caller (level 2, -1/11 HPs)
             Began as a Felid Summoner on Nov 8, 2022.
             Slain by a quokka (5 damage)
             ... on level 1 of the Dungeon.
             The game lasted 00:03:40 (1363 turns).

croobank the Caller (Felid Summoner)                Turns: 1363, Time: 00:03:40

Health: -1/11      AC:  1    Str:  4    XL:     2   Next: 62%
Magic:  0/6        EV: 17    Int: 16    God:
Gold:   45         SH:  0    Dex: 16    Spells: 2/5 levels left
                                        Lives:  0   Deaths: 0

rFire   . . .      SeeInvis +   (weapon unavailable)
rCold   . . .      Faith    .   (shield unavailable)
rNeg    . . .      Spirit   .   (body armour unavailable)
rPois   .          Reflect  .   (helmet unavailable)
rElec   .          Harm     .   (cloak unavailable)
rCorr   .          Rampage  .   (gloves unavailable)
Will    .....                   (boots unavailable)
Stlth   ++........              (no amulet)
HPRegen 0.03/turn               (no ring)
MPRegen 0.10/turn               (no ring)

@: quick
A: very small, claws 1, fangs 3, see invisible, speed 1, shaggy fur 1, stealthy
paws, no weapons or thrown items, no armour, multi-lived
a: no special abilities


You were on level 1 of the Dungeon.
You visited 1 branch of the dungeon, and saw 2 of its levels.

You collected 45 gold pieces.

Inventory:

Jewellery
 f - a ring of fire
Scrolls
 b - a scroll of magic mapping {unknown}
 e - a scroll of immolation {unknown}
Potions
 a - 2 potions of magic
 c - 2 potions of flight {unknown}
 d - a potion of brilliance {unknown}


   Skills:
 + Level 3.1 Dodging
 + Level 3.3 Stealth
 + Level 2.3 Spellcasting
 + Level 4.2 Summonings


You had 2 spell levels left.
You knew the following spells:

 Your Spells              Type           Power      Damage    Failure   Level
a - Summon Small Mammal   Summ           60%        N/A       3%          1
b - Call Imp              Summ           15%        N/A       5%          2

Your spell library contained the following spells:

 Spells                   Type           Power      Damage    Failure   Level
 Call Canine Familiar     Summ           15%        N/A       11%         3
 Summon Guardian Golem    Hex/Summ       8%         N/A       26%         3
 Summon Lightning Spire   Summ/Air       8%         N/A       63%         4


Dungeon Overview and Level Annotations

Branches:
Dungeon (2/15)

Altars:


Innate Abilities, Weirdness & Mutations

You have sharp claws.
You have razor-sharp teeth.
You have supernaturally acute eyesight. (SInv)
You cover ground quickly. (Speed+)
You are covered in fur. (AC +1)
Your paws help you pounce on unaware monsters.
You are incapable of wielding weapons or throwing items.
You cannot wear armour.
You gain extra lives every three experience levels.


Message History

The hobgoblin seems to speed up.
Your bat barely misses the ball python.
Your bat completely misses the ball python.
The ball python bites your bat.
Your bat dies!
Your bat's corpse disappears in a puff of smoke!
Casting: Summon Small Mammal (safe; 3% risk of failure)
Confirm with . or Enter, or press ? or * to list all spells.
You don't have enough magic to cast this spell.
The endoplasm jiggles.
Found 4 gold pieces.
Casting: Summon Small Mammal (safe; 3% risk of failure)
Confirm with . or Enter, or press ? or * to list all spells.
You swap places.
Found an escape hatch in the ceiling.
Your rat bites the ball python.
The ball python dies!
A quokka comes into view.
Found a scroll labelled ZYTOOM SUFU.
Something hits your rat.
The hobgoblin hits your rat but does no damage.
There is an escape hatch in the ceiling here.
Casting: Summon Small Mammal (safe; 3% risk of failure)
Confirm with . or Enter, or press ? or * to list all spells.
The hobgoblin barely misses your rat. The hobgoblin hits your rat.
Your rat dies!
Your rat's corpse disappears in a puff of smoke!
The quokka barely misses you. The quokka completely misses you.
A mysterious force pulls you upwards. The hatch slams shut behind you.
Your summoned ally is left behind.
The eye of devastation turns its gaze towards you.
Casting: Summon Small Mammal (safe; 3% risk of failure)
Confirm with . or Enter, or press ? or * to list all spells.
The quokka misses you.
You scratch the quokka.
The quokka is moderately wounded.
Your bat barely misses the quokka.
The quokka bites you.
You closely miss the quokka. Your bite misses the quokka.
The quokka is moderately wounded.
Your bat hits the quokka. The quokka bites you.
You die...

#..###...###....# ####
#............##.# #...
#......_.....##.######.##
#......................#
#..###.(.###...........##
#.)#G#...#G#.##.######...
#..###..b###.##.# ####
#.......r....##.#
#.....##@###.##.#
####..##.# #.##.########
##..#.# #...).......##
##...# #######.......
##...####......###..#
#..#...#........###.#
#.####...........##.. #.#
##..........###. #####.#
#..........# #.


You could see an eye of devastation, a quokka (ally target) and a friendly bat
(summoned).

Vanquished Creatures
  A giant cockroach (D:2)
  A goblin (D:1)
2 creatures vanquished.

Vanquished Creatures (collateral kills)
  3 ball pythons
  5 bats
  A giant cockroach (D:2)
  2 goblins (D:1)
  2 hobgoblins (D:1)
  A kobold (D:1)
  3 rats
17 creatures vanquished.

Grand Total: 19 creatures vanquished

Notes
Turn   | Place    | Note
-------+----------+-------------------------------------------
     0 | D:1      | croobank the Felid Summoner began the quest for the Orb.
     0 | D:1      | Reached XP level 1. HP: 7/7 MP: 4/4
   365 | D:1      | Found a faded altar of an unknown god.
   366 | D:1      | Noticed a floating eye
   369 | D:1      | Noticed an eye of devastation
   380 | D:1      | Reached XP level 2. HP: 8/11 MP: 1/6
   383 | D:1      | Learned a level 2 spell: Call Imp
   466 | D:1      | Noticed a great orb of eyes
   466 | D:1      | Noticed an eye of devastation
  1363 | D:1      | Slain by a quokka

Illustrated notes

Levels and vault maps discovered:
D:1:      ncdulo_wetmaze, layout_rooms, hellmonk_ecumenical_altar_watching_god
D:2:      minmay_diamond_boxcup, layout_basic, minmay_hedge_maze

Skill      XL: |  1 |
---------------+----+-----
Stealth        | 3 |  3.3
Dodging        | 3 |  3.1
Spellcasting   | |  2.3
Summonings     | |  4.2

Action                   || total
-------------------------++-------
Melee: Unarmed           ||    10
 Cast: Summon Small Mamm ||    33
       Call Imp          ||     6
Armor: Skin              ||     1
Dodge: Dodged            ||    21
